 Dungeon Crawl Stone Soup version 0.14-a0-445-g388476e (webtiles) character file.

71 PolkaDot the Vexing (level 2, 0/19 HPs)
             Began as a Vampire Enchanter on Oct 30, 2013.
             Slain by an adder (2 damage)
             ... on Level 2 of the Dungeon.
             The game lasted 00:02:51 (1174 turns).

PolkaDot the Vexing (Vampire Enchanter)             Turns: 1174, Time: 00:02:51

HP   0/19        AC  3     Str  7      XL: 2   Next: 86%
MP   5/5         EV 12     Int 17      God:
Gold 46          SH  0     Dex 14      Spells:  1 memorised,  2 levels left

Res.Fire  : . . .   See Invis. : +   a - +1 dagger
Res.Cold  : . . .   Warding    : .   b - +1 robe
Life Prot.: . . .   Conserve   : .   (no shield)
Res.Poison: .       Res.Corr.  : .   (no helmet)
Res.Elec. : .       Clarity    : .   (no cloak)
Sust.Abil.: . .     Spirit.Shd : .   (no gloves)
Res.Mut.  : .       Stasis     : .   (no boots)
Res.Rott. : .       Flight     : +   (no amulet)
Saprovore : . . .                    (no ring)
                                     (no ring)

@: regenerating quickly, flying, mildly poisoned, not resistant to hostile
enchantments, quite stealthy
A: fangs 3, see invisible, unbreathing
a: no special abilities


You were on level 2 of the Dungeon.
You were full.

You visited 1 branch of the dungeon, and saw 2 of its levels.

You collected 26 gold pieces.

Inventory:

Hand weapons
 a - a +1,+1 dagger (weapon)
Missiles
 d - 12 darts (quivered)
Armour
 b - a +1 robe (worn)
Scrolls
 f - 2 scrolls of identify {unknown}
 g - a scroll of magic mapping {unknown}
 i - 2 scrolls of fog {unknown}
 l - 2 scrolls of fear {unknown}
 n - a scroll of blinking {unknown}
 p - 2 scrolls of remove curse {unknown}
Potions
 h - a potion of flight
 j - a potion of curing {unknown}
 k - a potion of magic
 m - a potion of speed {unknown}
 o - 2 potions of heal wounds {unknown}
 q - a potion of restore abilities {unknown}
 r - 2 potions of confusion {unknown}
Books
 c - a book of Maledictions

   Spells                             Type                      Level
   *Corona                            Hexes                        1
   Sure Blade                         Hexes/Charms                 2
   Ensorcelled Hibernation            Hexes/Ice                    2
   Confuse                            Hexes                        3
   Enslavement                        Hexes                        4
   Invisibility                       Hexes                        6


   Skills:
 * Level 2.4 Short Blades
 - Level 0.7 Throwing
 - Level 2.1 Dodging
 + Level 4.2 Stealth
 - Level 1.0 Spellcasting
 - Level 4.4 Hexes


You had 2 spell levels left.
You knew the following spells:

 Your Spells              Type           Power        Failure   Level  Hunger
a - Corona                Hex            ###....      3%          1    ##.....


Dungeon Overview and Level Annotations

Branches:
Dungeon (2/27)

Altars:
Cheibriados


Innate Abilities, Weirdness & Mutations

Your natural rate of healing is unusually fast.
You have razor-sharp teeth.
You have supernaturally acute eyesight.
You can survive without breathing.


Message History

You barely miss the adder.
The adder is lightly wounded.
You feel sick. The adder closely misses you.
You closely miss the adder.
The adder is lightly wounded.
The adder closely misses you.
Drink which item? (? for menu, Esc to quit)
Yummy - fresh blood!
* * * LOW HITPOINT WARNING * * *
You feel sick. The adder bites you.
* * * LOW HITPOINT WARNING * * *
Drink which item? (? for menu, Esc to quit)
You feel very buoyant.
You fly up into the air.
It was a potion of flight.
* * * LOW HITPOINT WARNING * * *
You feel sick. The adder bites you.
* * * LOW HITPOINT WARNING * * *
Drink which item? (? for menu, Esc to quit)
Magic courses through your body.
It was a potion of magic.
The adder bites you.
You die...

#+## ...## #..#
#########(###
#..........<#
#.......%...###########
##....$..(..KlS@........
.......$(....###########
.#...........#
#.......[...#
#...........#
#........!..#
########.#### #.# ..#


You could see an adder, a kobold and a giant newt.

Vanquished Creatures
  An ooze (D:1)
  3 bats
  3 giant cockroaches (D:1)
  2 goblins (D:1)
  5 hobgoblins (D:1)
  2 jackals (D:1)
  2 giant newts (D:1)
  A kobold (D:1)
  3 rats (D:1)
22 creatures vanquished.

Notes
Turn   | Place    | Note
--------------------------------------------------------------
     0 | D:1      | PolkaDot, the Vampire Enchanter, began the quest for the Orb.
     0 | D:1      | Reached XP level 1. HP: 13/13 MP: 4/4
   416 | D:1      | Reached XP level 2. HP: 19/19 MP: 5/5
  1116 | D:2      | Found a snail-covered altar of Cheibriados.
  1174 | D:2      | Slain by an adder

Action                   || total
-------------------------++-------
Melee: Dagger            ||   103
  Use: Potion            ||     3
 Stab: Sleeping          ||     5
